 Dungeon Crawl Stone Soup version 0.30-a0-534-gdc55766716 (webtiles) character file.

Game seed: 7970282680914802782

9 mandarbmax the Sneak (level 2, 0/26 HPs)
             Began as an Armataur Delver on Dec 24, 2022.
             Slain by an ufetubus (1 damage)
             ... on level 4 of the Dungeon.
             The game lasted 00:01:08 (220 turns).

mandarbmax the Sneak (Armataur Delver)               Turns: 220, Time: 00:01:08

Health: 0/26       AC:  4    Str: 17    XL:     2   Next: 6%
Magic:  2/2        EV:  9    Int: 10    God:
Gold:   5          SH:  0    Dex: 11    Spells: 1/1 levels left

rFire   . . .      SeeInvis .    a - +0 short sword
rCold   . . .      Faith    .    (no shield)
rNeg    . . .      Spirit   .    b - +0 leather armour
rPois   .          Reflect  .    (no helmet)
rElec   .          Harm     .    (no cloak)
rCorr   .          Roll     +    (no gloves)
Will    .....                    (no barding)
Stlth   +++                      (no amulet)
HPRegen 0.24/turn                (no ring)
MPRegen 0.08/turn                (no ring)

@: hasted, very quick
A: large, rugged brown scales 3, deformed body, armoured tail, roll, long
tongue, awkward tongue
a: no special abilities


You were on level 4 of the Dungeon.
You visited 1 branch of the dungeon, and saw 2 of its levels.

You collected 5 gold pieces.

Inventory:

Hand Weapons
 a - a +0 short sword (weapon)
Armour
 b - a +0 leather armour (worn)
Wands
 g - a wand of digging (3)
Scrolls
 c - a scroll of fog
 d - a scroll of magic mapping


   Skills:
 + Level 2.8 Fighting
 + Level 2.0 Short Blades
 + Level 1.5 Dodging
 + Level 5.6 Stealth


You had one spell level left.
You didn't know any spells.
Your spell library was empty.

Dungeon Overview and Level Annotations

Branches:
Dungeon (5/15)
 Temple: D:4-7

Altars:


Innate Abilities, Weirdness & Mutations

You are completely covered in rugged brown scales. (AC +3, +7% HP)
Armour fits poorly on your strangely shaped body.
You have a long armoured tail.
You roll when moving toward enemies. (Rampage)
Your long tongue fully drains potion bottles. (2x potion effects)
Your tongue gives you trouble enunciating. (1.5x scroll delay)


Message History

You are too injured to fight recklessly!
You are too injured to fight recklessly!
You are too injured to fight recklessly!
You are too injured to fight recklessly!
You are too injured to fight recklessly!
You are too injured to fight recklessly!
You are too injured to fight recklessly!
You are too injured to fight recklessly!
You barely miss the ufetubus.
The ufetubus is heavily wounded.
The ufetubus barely misses you. x2
You miss the ufetubus.
The ufetubus is heavily wounded.
The ufetubus barely misses you. The ufetubus hits you.
The ufetubus barely misses you. x2
You closely miss the ufetubus.
The ufetubus is heavily wounded.
The ufetubus hits you.
* * * LOW HITPOINT WARNING * * *
The ufetubus closely misses you.
As you slowly read the scroll labelled PIKIWO YCUEPH, it crumbles to dust.
It is a scroll of identify.
You don't currently have any unidentified items.
The ufetubus hits you.
* * * LOW HITPOINT WARNING * * *
The ufetubus hits you but does no damage.
The ufetubus hits you.
* * * LOW HITPOINT WARNING * * *
The ufetubus hits you but does no damage.
You hit the ufetubus.
The ufetubus is almost dead.
The ufetubus barely misses you. The ufetubus hits you.
* * * LOW HITPOINT WARNING * * *
A kobold comes into view. It is wielding a +0 whip.
Okay, then.
You slurp down every last drop of the potion of haste!
You feel yourself speed up.
The ufetubus hits you but does no damage. x2
The ufetubus barely misses you. The ufetubus hits you.
You die...

# .# K.# ...#
#####....#.
#..@5J.....
#.######### #.#
#.# #.#########
#.#.......###
#...........# ###
#...........#
#.####...........#


You could see an ufetubus, an endoplasm and a kobold (wandering).

Vanquished Creatures
  An adder (D:4)
  A ball python (D:4)
2 creatures vanquished.

Notes
Turn   | Place    | Note
-------+----------+-------------------------------------------
     0 | D:5      | mandarbmax the Armataur Delver began the quest for the Orb.
     0 | D:5      | Reached XP level 1. HP: 19/19 MP: 1/1
    33 | D:4      | Reached XP level 2. HP: 26/26 MP: 2/2
   219 | D:4      | HP: 1/26 [ufetubus (4)]
   220 | D:4      | Slain by an ufetubus

Illustrated notes

Levels and vault maps discovered:
D:4:      layout_basic
D:5:      layout_rooms, gammafunk_temple_overflow_statue,
          minmay_temple_entry_gardened_gates, st_stairs_4

Skill      XL: |  1 |
---------------+----+-----
Short Blades   | 2 |  2.0
Fighting       | |  2.8
Dodging        | |  1.5
Stealth        | |  5.6

Action                   || total
-------------------------++-------
Melee: Short sword       ||    18
       Tailslap          ||     1
  Use: Scroll            ||     2
       Potion            ||     1
 Stab: Sleeping          ||     2
Armor: Leather armour    ||     7
Dodge: Dodged            ||    16

Table legend: (Time is in decaauts)
 A = Elapsed time spent in this place.
 B = Non-inter-level travel time spent in this place.
 C = Inter-level travel time spent in this place.
 D = Time resting spent in this place.
 E = Time spent auto-exploring this place.
 F = Levels seen in this place.
 G = Mean time per level.
                   A        B        C        D        E       F      G
               +--------+--------+--------+--------+--------+-----+--------+
         Total |    218 |    210 |      8 |     66 |     95 |   2 |  109.0 |
       Dungeon |    218 |    210 |      8 |     66 |     95 |   2 |  109.0 |
               +--------+--------+--------+--------+--------+-----+--------+

Top non-repeatable levels by time:
     D:4: 188 daAuts
     D:5: 30 daAuts
